 Dungeon Crawl Stone Soup version 0.27.0-1-g7a089689b8 (webtiles) character file.

Game seed: 17575665581839258994

61917 SnakkuSnakku7 the Eclecticist (level 15, -2/107 HPs)
             Began as a Djinni Artificer on Aug 14, 2021.
             Was a Believer of Makhleb.
             Slain by a black mamba (4 damage)
             ... while petrified by a basilisk
             ... on level 6 of the Lair of Beasts.
             The game lasted 00:41:10 (22198 turns).

SnakkuSnakku7 the Eclecticist (Djinni Artificer)   Turns: 22198, Time: 00:41:11

Health: -2/107     AC: 12    Str: 11    XL:     15   Next: 44%
Gold:   1097       EV:  2    Int: 18    God:    Makhleb [**....] SH:  0 Dex: 15

rFire    + + .     SeeInvis +   b - +7 demon trident (vamp)
rCold    . . .     Faith    .   m - +1 buckler {rPois}
rNeg     + + +     Spirit   .   K - +0 steam dragon scales
rPois    ∞         Reflect  +   N - +2 helmet {SInv}
rElec    .         Harm     .   C - +2 cloak
rCorr    +         Rampage  .   R - +0 pair of gloves
Will     +....                  (boots unavailable)
Stlth    ++........             D - amulet of reflection
HPRegen  0.27/turn              q - ring of resist corrosion
MPRegen  0.00/turn              v - ring of protection from cold

@: petrified, flying
A: sickness immunity, fire resistance 2, cold vulnerability 1, float, innate
caster, hp casting, extra vitality 1
a: Renounce Religion, Minor Destruction


You were on level 6 of the Lair of Beasts.
You worshipped Makhleb.
Makhleb was pleased with you.
You visited 3 branches of the dungeon, and saw 17 of its levels.

You collected 1881 gold pieces.
You spent 784 gold pieces at shops.

Inventory:

Hand Weapons
 b - a +7 vampiric demon trident (weapon)
Missiles
 g - 507 stones
Armour
 m - a +1 buckler of poison resistance (worn)
 C - a +2 cloak (worn)
 G - a +2 robe of willpower
 J - a scarf of repulsion
 K - +0 steam dragon scales (worn)
 M - a +0 robe of cold resistance
 N - a +2 helmet of see invisible (worn)
 R - a +0 pair of gloves (worn)
 S - the +8 chain mail of a sewer {rF+ rN+}
   (You found it on level 9 of the Dungeon)

   rF:        It protects you from fire.
   rN:        It protects you from negative energy.
Magical Staves
 a - a staff of air
Jewellery
 o - a ring of wizardry
 q - a ring of resist corrosion (left hand)
 r - a +6 ring of dexterity
 v - a ring of protection from cold (right hand)
 y - a ring of ice
 D - an amulet of reflection (around neck)
Wands
 c - a wand of flame (55)
 d - a wand of charming (25)
 t - a wand of mindburst (49)
 z - a wand of paralysis (2)
 H - a wand of polymorph (30)
 L - a wand of iceblast (9)
 T - a wand of digging (2)
 U - a wand of acid (6)
Scrolls
 h - 2 scrolls of fear
 i - a scroll of blinking
 j - 5 scrolls of teleportation
 n - 2 scrolls of enchant armour
 u - a scroll of fog
 w - 2 scrolls of brand weapon
 A - 2 scrolls of immolation
 B - 4 scrolls of magic mapping {unknown}
 E - a scroll of torment
 F - a scroll of holy word {unknown}
 I - a scroll of silence
 P - a scroll of summoning {unknown}
Potions
 f - 3 potions of heal wounds
 k - 4 potions of curing
 l - 2 potions of haste
 p - 3 potions of cancellation {unknown}
 s - a potion of attraction
 x - 2 potions of resistance {unknown}
 O - a potion of brilliance
 Q - 2 potions of lignification
Miscellaneous
 e - a piece from Xom's chessboard (15/15)


   Skills:
 - Level 10.2 Fighting
 + Level 5.0 Polearms
 - Level 1.0 Armour
 - Level 8.0 Dodging
 - Level 0.7 Stealth
 - Level 4.0 Shields
 - Level 15.0 Spellcasting
 - Level 4.0 Evocations


You had 21 spell levels left.
You knew the following spells:

 Your Spells              Type           Power      Damage    Failure   Level
a - Starburst             Conj/Fire      30%        8x6d9     1%          6
b - Blink                 Tloc           N/A        N/A       0%          2
c - Spider Form           Tmut/Pois      30%        N/A       1%          3
d - Poisonous Vapours     Pois/Air       100%       N/A       0%          2
e - Summon Mana Viper     Hex/Summ       61%        N/A       1%          5
f - Sandblast             Erth           100%       2d20      0%          1
z - Airstrike             Air            30%        N/A       1%          4
Your spell library was empty.

Dungeon Overview and Level Annotations

Branches:
Dungeon (10/15)            Temple (1/1) D:7            Lair (6/6) D:8
 Shoals (0/4) Lair:2       Spider (0/4) Lair:3          Orc (0/2) D:10
  Slime: Lair:5-6

Altars:
Ashenzari
Cheibriados
Dithmenos
Elyvilon
Fedhas
Gozag
Hepliaklqana
Kikubaaqudgha
Makhleb
Nemelex Xobeh
Okawaru
Qazlal
Ru
Sif Muna
Trog
Uskayaw
Vehumet
Wu Jian
Xom
Yredelemnul
Zin
The Shining One

Shops:
D:1 [   D:8 *

Annotations:
D:5 1 runed translucent door, Eryximachus's ghost, novice DDNe
D:6 3 runed translucent doors, komi's ghost, novice MfGl
D:9 3 runed translucent doors, ryw's ghost, journeyman HODe


Innate Abilities, Weirdness & Mutations

You are immune to sickness and miasma.
You are immune to poison.
Your flesh is very heat resistant. (rF++)
You are vulnerable to cold. (rC-)
You float through the air rather than walking.
You learn spells naturally, not from books.
Your magical power is your life essence.
You have superior vitality. (+4 HP)


Message History

The wolf howls! x2; The spriggan rider shouts!
The wolf howls!
You hear a howl!
You hear an angry hiss.
The wolf bites you. The wolf bites you! The wolf bites you but does no damage.
The wolf bites you. The wolf bites you!
* * * LOW HITPOINT WARNING * * *
The black mamba bites you but does no damage.
The wolf bites you. x2
* * * LOW HITPOINT WARNING * * *
The wolf bites you!
* * * LOW HITPOINT WARNING * * *
The wolf bites you but does no damage. The wolf bites you.
* * * LOW HITPOINT WARNING * * *
The wolf barely misses you. The wolf bites you.
* * * LOW HITPOINT WARNING * * *
The blink frog gives a loud, deep croak!
The wolf howls!
You hear a howl!
You hear an angry growl.
You hear a howl!
The black mamba barely misses you.
The wolf bites you but does no damage. x3
The wolf bites you.
* * * LOW HITPOINT WARNING * * *
The wolf bites you. x2
* * * LOW HITPOINT WARNING * * *
The wolf bites you but does no damage. The black mamba bites you!
* * * LOW HITPOINT WARNING * * *
The wolf bites you. x2
* * * LOW HITPOINT WARNING * * *
The wolf barely misses you. The wolf bites you.
The wolf bites you but does no damage. The wolf bites you.
The wolf bites you but does no damage.
You hear a howl!
You hear a croak.
The blink frog croaks.
The black mamba bites you but does no damage.
The wolf bites you.
* * * LOW HITPOINT WARNING * * *
The wolf bites you but does no damage. The wolf bites you.
* * * LOW HITPOINT WARNING * * *
The wolf bites you.
The wolf bites you but does no damage. x2
The wolf bites you.
* * * LOW HITPOINT WARNING * * *
The black mamba bites you!
You die...

.l.........8.h
..Y...... ..h .
.......h..Fh ..
............♣.♣hhh. ...
..............ih♣h ....
.......P.#...hhhh♣h....
......[.....YSSDhhh....
............Fhh@hh#
............YShhhk.....
.....S.......YYl.......
...§...§............#..
...................#...
.≈≈§≈≈§§≈...../..... ..
#≈≈##≈≈##.†.......... .
#≈ #≈≈ #≈.........#.. ≈
P≈≈ .Y.P..


You could see a seven-headed hydra, an elephant (wandering), a spriggan rider, a
komodo dragon (wandering), 2 black mambas, a cane toad, a basilisk, a blink
frog, a rime drake, a water moccasin, 24 wolves and 4 dream sheep.

Vanquished Creatures
  Nessos (Lair:5)
  Snorg (Lair:5)
  A boulder beetle (Lair:4)
  7 hydras
  A centaur warrior (D:9)
  Erica (D:8)
  6 death yaks
  2 two-headed ogres (D:10)
  Urug (Lair:3)
  Nergalle (Lair:2)
  Pikel (D:6)
  An obsidian statue (D:9)
  4 oklob plants
  2 manticores
  3 elephants (Lair:5)
  3 black mambas
  Maurice (D:8)
  7 cane toads
  Joseph (D:9)
  A rime drake (Lair:1)
  8 komodo dragons
  A troll (D:9)
  Grinder (D:4)
  Prince Ribbit (D:5)
  A polar bear (Lair:4)
  2 dream sheep (Lair:6)
  4 blink frogs (Lair:1)
  37 yaks
  2 wraiths
  7 wyverns
  4 basilisks
  Grum (D:9)
  A steam dragon (Lair:5)
  7 water moccasins
  Duvessa (D:5)
  2 swamp drakes
  A hornet zombie (D:7)
  6 orc warriors
  A sky beast (D:6)
  A black bear (Lair:4)
  An ogre (D:5)
  15 wolves
  2 centaurs
  10 bullfrogs
  2 gnoll sergeants
  5 scorpions
  Dowan (D:5)
  3 killer bees (D:9)
  2 howler monkeys
  6 wights
  3 hounds
  7 jellies
  A centaur zombie (D:7)
  4 orc priests
  A gnoll shaman (D:6)
  Crazy Yiuf (D:5)
  A centaur skeleton (D:5)
  6 iguanas
  Natasha (thrice) (D:2)
  15 orc wizards
  2 howler monkey zombies
  Robin (D:4)
  12 gnolls
  11 adders
  A shadow imp (D:7)
  2 ufetubi
  An adder skeleton (D:5)
  A worm (D:2)
  2 dart slugs
  47 orcs
  8 ball pythons
  4 bats
  7 endoplasms
  6 giant cockroaches
  14 goblins
  10 hobgoblins
  8 jackals (D:1)
  A quokka (D:5)
  6 frilled lizards
  8 kobolds
  3 rats
  A bush (Lair:5)
380 creatures vanquished.

Vanquished Creatures (collateral kills)
  2 orcs (D:3)
2 creatures vanquished.

Vanquished Creatures (others)
  A wizard (D:4)
  A bush (Lair:5)
  17 fungi
  27 plants
46 creatures vanquished.

Grand Total: 428 creatures vanquished

Notes
Turn   | Place    | Note
-------+----------+-------------------------------------------
     0 | D:1      | SnakkuSnakku7 the Djinni Artificer began the quest for the
                  | Orb.
     0 | D:1      | Reached XP level 1. HP: 17/17 MP: 0/0
   728 | D:1      | Reached XP level 2. HP: 17/22 MP: 0/0
  1165 | D:1      | Reached XP level 3. HP: 16/27 MP: 0/0
  1165 | D:1      | Learned a level 1 spell: Sandblast
  1332 | D:1      | Found Xeigoff's Antique Armour Boutique.
  1419 | D:1      | Found a faded altar of an unknown god.
  1962 | D:1      | Reached skill level 1 in Spellcasting
  2309 | D:2      | Reached XP level 4. HP: 30/32 MP: 0/0
  2311 | D:2      | Noticed Natasha
  2318 | D:2      | Killed Natasha
  2319 | D:2      | Reached skill level 2 in Spellcasting
  2605 | D:2      | Noticed Natasha
  2886 | D:2      | Killed Natasha
  2887 | D:2      | Reached XP level 5. HP: 31/37 MP: 0/0
  2887 | D:2      | Learned a level 2 spell: Blink
  3003 | D:2      | Noticed Natasha
  3006 | D:2      | Killed Natasha
  3007 | D:2      | Reached skill level 3 in Spellcasting
  3740 | D:3      | Reached skill level 1 in Shields
  3740 | D:3      | Reached XP level 6. HP: 39/42 MP: 0/0
  4043 | D:3      | Found a basalt altar of Yredelemnul.
  4483 | D:3      | Reached XP level 7. HP: 43/47 MP: 0/0
  4483 | D:3      | Learned a level 2 spell: Poisonous Vapours
  4608 | D:4      | Reached skill level 4 in Spellcasting
  4967 | D:4      | Noticed Grinder
  4983 | D:4      | Killed Grinder
  5265 | D:4      | Found a shadowy altar of Dithmenos.
  5333 | D:4      | Noticed Robin
  5349 | D:4      | Killed Robin
  5843 | D:4      | Found a bloodstained altar of Trog.
  5845 | D:4      | Noticed a wizard
  5849 | D:4      | Killed a wizard
  6014 | D:4      | Reached XP level 8. HP: 41/52 MP: 0/0
  6129 | D:5      | Entered Level 5 of the Dungeon
  6140 | D:5      | Identified the +5 rapier "Awnitwy" {spect, rN+}
  6153 | D:5      | Noticed a wraith
  6163 | D:5      | Reached skill level 5 in Spellcasting
  6392 | D:5      | Noticed Dowan
  6419 | D:5      | Killed Dowan
  6420 | D:5      | Reached skill level 6 in Spellcasting
  6788 | D:5      | Found a runed translucent door.
  6791 | D:5      | Noticed Eryximachus's ghost (novice DDNe)
  6964 | D:5      | Found a runed translucent door.
  6965 | D:5      | Noticed Crazy Yiuf
  6972 | D:5      | Killed Crazy Yiuf
  7150 | D:5      | Noticed Duvessa
  7164 | D:5      | Killed Duvessa
  7165 | D:5      | Reached skill level 7 in Spellcasting
  7165 | D:5      | Reached XP level 9. HP: 27/57 MP: 0/0
  7165 | D:5      | Learned a level 3 spell: Spider Form
  7200 | D:5      | Found a glowing silver altar of Zin.
  7205 | D:5      | Noticed Prince Ribbit
  7323 | D:5      | Killed Prince Ribbit
  7743 | D:6      | Reached skill level 8 in Spellcasting
  7849 | D:6      | Found a runed translucent gate.
  7850 | D:6      | Found a runed translucent gate.
  7853 | D:6      | Found a runed translucent gate.
  7853 | D:6      | Noticed komi's ghost (novice MfGl)
  7859 | D:6      | Noticed Pikel
  7888 | D:6      | Killed Pikel
  7938 | D:6      | Reached skill level 9 in Spellcasting
  8229 | D:6      | Reached XP level 10. HP: 60/64 MP: 0/0
  8407 | D:7      | Found a white marble altar of Elyvilon.
  8415 | D:7      | Found an opulent altar of Gozag.
  8485 | D:7      | Found a staircase to the Ecumenical Temple.
  8822 | Temple   | Entered the Ecumenical Temple
  9006 | D:7      | Reached skill level 5 in Fighting
  9469 | D:8      | Noticed a komodo dragon
  9506 | D:8      | Killed a komodo dragon
 10190 | D:8      | Found a glowing golden altar of the Shining One.
 10351 | D:8      | Found Isulyot's Assorted Antiques.
 10354 | D:8      | Noticed Erica
 10385 | D:8      | Killed Erica
 10386 | D:8      | Reached XP level 11. HP: 64/81 MP: 0/0
 10386 | D:8      | Learned a level 4 spell: Airstrike
 10438 | D:8      | Reached skill level 5 in Dodging
 10616 | D:8      | Bought a runed helmet for 217 gold pieces
 10627 | D:8      | Bought a metallic black potion for 26 gold pieces
 10627 | D:8      | Bought a dark potion for 26 gold pieces
 10627 | D:8      | Bought a scroll labelled ZAOMUU FYEMAU for 29 gold pieces
 10627 | D:8      | Bought a scroll labelled HITTUD JARI for 29 gold pieces
 10726 | D:8      | Noticed Maurice
 10746 | D:8      | Killed Maurice
 11372 | D:8      | Found a staircase to the Lair.
 11703 | D:9      | Noticed Grum
 11742 | D:9      | Killed Grum
 11758 | D:9      | Found a runed translucent gate.
 11758 | D:9      | Found a runed translucent gate.
 11759 | D:9      | Found a runed translucent gate.
 11773 | D:9      | Noticed a centaur warrior
 11785 | D:9      | Killed a centaur warrior
 12031 | D:9      | Noticed an obsidian statue
 12041 | D:9      | Killed an obsidian statue
 12098 | D:8      | Bought 3 scrolls labelled RAOTEHAVON for 87 gold pieces
 12463 | D:9      | Identified the +8 chain mail of a sewer {rF+ rN+}
 12501 | D:9      | Noticed a manticore
 12504 | D:9      | Noticed Joseph
 12514 | D:9      | Killed a manticore
 12559 | D:9      | Killed Joseph
 12762 | D:9      | Noticed a six-headed hydra
 12767 | D:9      | Killed a six-headed hydra
 12768 | D:9      | Reached skill level 10 in Spellcasting
 12962 | D:9      | Noticed ryw's ghost (journeyman HODe)
 13283 | D:10     | Entered Level 10 of the Dungeon
 13472 | D:10     | Found a sparkling altar of Nemelex Xobeh.
 13661 | D:10     | Noticed a two-headed ogre
 13709 | D:10     | Killed a two-headed ogre
 13742 | D:10     | Reached XP level 12. HP: 66/86 MP: 0/0
 13920 | D:10     | Found a burning altar of Makhleb.
 14073 | D:10     | Found a staircase to the Orcish Mines.
 14259 | D:10     | Noticed a two-headed ogre
 14302 | D:10     | Killed a two-headed ogre
 14303 | D:10     | Reached skill level 11 in Spellcasting
 14696 | D:10     | Became a worshipper of Makhleb the Destroyer
 14862 | Lair:1   | Entered Level 1 of the Lair of Beasts
 14877 | Lair:1   | Noticed an eight-headed hydra
 14885 | Lair:1   | Killed an eight-headed hydra
 15451 | Lair:1   | Noticed a seven-headed hydra
 15458 | Lair:1   | Killed a seven-headed hydra
 15459 | Lair:1   | Reached skill level 12 in Spellcasting
 15819 | Lair:1   | Identified a scroll of acquirement
 15820 | Lair:1   | Acquired 940 gold pieces
 16294 | D:1      | Bought a runed helmet for 225 gold pieces
 16452 | D:8      | Bought a potion of heal wounds for 145 gold pieces
 16551 | Lair:2   | Noticed a four-headed hydra
 16564 | Lair:2   | Killed a four-headed hydra
 17178 | Lair:2   | Reached XP level 13. HP: 80/92 MP: 0/0
 17178 | Lair:2   | Learned a level 5 spell: Summon Mana Viper
 17328 | Lair:2   | Noticed a six-headed hydra
 17333 | Lair:2   | Killed a six-headed hydra
 17334 | Lair:2   | Reached skill level 13 in Spellcasting
 17369 | Lair:2   | Noticed Nergalle
 17581 | Lair:2   | Found a staircase to the Shoals.
 17877 | Lair:2   | Killed Nergalle
 17877 | Lair:2   | Reached * piety under Makhleb
 18645 | Lair:3   | Found a hole to the Spider Nest.
 18659 | Lair:3   | Noticed Urug
 18695 | Lair:3   | Killed Urug
 19014 | Lair:3   | Noticed a seven-headed hydra
 19027 | Lair:3   | Killed a seven-headed hydra
 19580 | Lair:4   | Reached skill level 14 in Spellcasting
 19616 | Lair:4   | Noticed a boulder beetle
 19629 | Lair:4   | Killed a boulder beetle
 20069 | Lair:4   | Noticed an eight-headed hydra
 20075 | Lair:4   | Killed an eight-headed hydra
 20714 | Lair:5   | Reached XP level 14. HP: 98/98 MP: 0/0
 20821 | Lair:5   | Reached ** piety under Makhleb
 21074 | Lair:5   | Reached skill level 15 in Spellcasting
 21207 | Lair:5   | Reached skill level 1 in Polearms
 21332 | Lair:5   | Noticed Nessos
 21349 | Lair:5   | Killed Nessos
 21564 | Lair:5   | Noticed Snorg
 21586 | Lair:5   | Killed Snorg
 22114 | Lair:5   | Reached skill level 10 in Fighting
 22114 | Lair:5   | Reached XP level 15. HP: 76/107 MP: 0/0
 22114 | Lair:5   | Learned a level 6 spell: Starburst
 22183 | Lair:6   | Entered Level 6 of the Lair of Beasts
 22185 | Lair:6   | Reached skill level 5 in Polearms
 22198 | Lair:6   | HP: 3/107 [wolf (3)]
 22198 | Lair:6   | Slain by a black mamba

Illustrated notes

Levels and vault maps discovered:
D:1:      heliophobic_arrival_dark_side_of_the_moon, layout_basic, serial_shops,
          shop, dreamdust_ecumenical_altar_statues
D:2:      layout_basic, serial_rivers, chequers_serial_rivers_small_3,
          chequers_serial_rivers_small_b, chequers_serial_rivers_micro_d,
          chequers_serial_rivers_large_b, chequers_serial_rivers_small_b,
          chequers_serial_rivers_room_b, uniq_natasha
D:3:      layout_loops_ring, mainiacjoe_overflow_alcove_4, lemuel_tele_altar
D:4:      layout_cave_pools, trog_wizard, mainiacjoe_overflow_alcove_2,
          minmay_distorted, uniq_robin, uniq_grinder
D:5:      layout_loops_ring, mainiacjoe_overflow_six_doors_small,
          hellmonk_ghost_happy_afterlife, minmay_chambers_of_fives,
          uniq_crazy_yiuf_cottage, uniq_prince_ribbit1, uniq_duvessa
D:6:      layout_basic, ebering_ghost_rock_garden, minmay_crossroads, uniq_pikel
D:7:      layout_basic, mainiacjoe_overflow_big_doors,
          minmay_temple_entry_stoned_glass
D:8:      layout_basic, tso_oasis_becter, erik_lair_dragon, serial_shops,
          nicolae_diamond_shop, uniq_erica, uniq_maurice
D:9:      layout_stronghold, gammafunk_ghost_icy, minmay_statue_bubble,
          uniq_grum, uniq_joseph
D:10:     layout_loops_corners, mainiacjoe_overflow_boulevard,
          lemuel_coloured_pillars_altar, erik_orc_1
Temple:   nicolae_temple_hex_pool
Lair:1:   layout_chaotic_city, grunt_megastairs_3, minmay_lair_oklob_chamber
Lair:2:   layout_gridlike, shoals_dummy_entry, minivault_23, grunt_megastairs_2,
          uniq_nergalle
Lair:3:   layout_cave_pods, dummy_spider_entry, uniq_urug
Lair:4:   layout_long_grid, beast_lair_carwin_5
Lair:5:   layout_loops_ring, cheibrodos_lair_caveside_slide,
          minmay_lair_oklob_items, uniq_nessos, uniq_snorg
Lair:6:   gammafunk_lair_ancient_temple, layout_misc_corridors, slime_altar_1,
          grunt_forest_large_clearings

Skill      XL: |  1  2  3  4  5  6  7  8  9 10 11 12 13 14 15 |
---------------+----------------------------------------------+-----
Evocations     | 4 |  4.0
Spellcasting   | 1 2 3 4 7 9 10 12 14 15 | 15.0
Shields        | 1 2 4 |  4.0
Fighting       | 2 8 10 | 10.2
Dodging        | 4 8 |  8.0
Polearms       | 4 5 |  5.0
Armour         | |  1.0
Stealth        | |  0.7

Action                   |  1- 3 |  4- 6 |  7- 9 | 10-12 | 13-15 || total
-------------------------+-------+-------+-------+-------+-------++-------
Melee: Short sword       |   129 |    91 |    36 |       |       ||   256
       Club              |     8 |       |       |       |       ||     8
       Falchion          |       |       |    13 |       |       ||    13
       Rapier            |       |       |     7 |       |       ||     7
       Staff             |       |       |    19 |    52 |    12 ||    83
       Demon trident     |       |       |       |       |   284 ||   284
 Cast: Sandblast         |       |    36 |    83 |    59 |    31 ||   209
       Poisonous Vapours |       |       |    79 |   190 |   138 ||   407
       Blink             |       |       |     2 |       |       ||     2
       Airstrike         |       |       |       |    79 |    49 ||   128
       Starburst         |       |       |       |       |     2 ||     2
Evoke: Wand              |     6 |     3 |     2 |       |     4 ||    15
  Use: Scroll            |       |       |     2 |    17 |     8 ||    27
       Potion            |       |       |     1 |       |     1 ||     2
 Stab: Sleeping          |       |     1 |       |       |     1 ||     2
       Distracted        |       |       |     2 |       |       ||     2
       Paralysed         |       |       |       |       |    22 ||    22
Armor: Leather armour    |    41 |    28 |    27 |       |       ||    96
       Robe              |       |       |       |    40 |    22 ||    62
       Steam dragon scal |       |       |       |       |    82 ||    82
Dodge: Dodged            |    84 |    83 |    62 |   127 |   232 ||   588
       Repelled          |       |       |       |     5 |       ||     5
Block: Buckler           |       |       |    33 |    58 |   186 ||   277
       Reflection        |       |       |       |       |     1 ||     1
       Rpst.: Falchion   |       |       |     3 |       |       ||     3
